[Event "Gibraltar Masters 18th"]
[Site "Gibraltar"]
[Date "2020.01.22"]
[Round "2.41"]
[White "Kulkarni, Bhakti"]
[Black "Kaidanov, Gregory"]
[Result "0-1"]
[ECO "D45"]
[WhiteElo "2404"]
[BlackElo "2546"]
[PlyCount "66"]
[EventDate "2020.01.21"]
[EventType "swiss"]
[EventRounds "10"]
[EventCountry "GGB"]
[SourceTitle "BritBase"]
[Source "John Saunders"]
[SourceDate "2021.06.05"]
[SourceVersion "1"]
[SourceVersionDate "2021.06.05"]
[SourceQuality "1"]
[TimeControl "40/100:0"]
[WhiteClock "0:00:42"]
[BlackClock "0:09:07"]

1. d4 d5 2. c4 e6 3. Nf3 Nf6 4. Nc3 c6 5. e3 Nbd7 6. b3 Bb4 7. Bd2 O-O 8.
Be2 Qe7 9. O-O b6 10. Qc1 Bb7 11. a3 Bd6 12. Qb2 Rac8 13. Rfd1 c5 14. Be1 dxc4 15. bxc4 e5 16. dxe5 Nxe5 17. Nd5 Bxd5 18. cxd5 Ne4 19. Nd2 f5 20. Nc4 Nxc4 21. Bxc4 Kh8 22. Rac1 Be5 23. Qe2 Nd6 24. Bd3 Qd7 25. h3 Rfe8 26. Bb1 b5 27. g4 g6 28. Qf3 Rf8 29. gxf5 gxf5 30. Kh1 Rg8 31. Bd2 Ne4 32. Ba5 Rg6 33. d6 Rh6 0-1

[Event "Gibraltar Masters 18th"]
[Site "Gibraltar"]
[Date "2020.01.22"]
[Round "2.42"]
[White "Studer, Noel"]
[Black "Haug, Johannes"]
[Result "1/2-1/2"]
[ECO "E04"]
[WhiteElo "2546"]
[BlackElo "2407"]
[PlyCount "125"]
[EventDate "2020.01.21"]
[EventType "swiss"]
[EventRounds "10"]
[EventCountry "GGB"]
[SourceTitle "BritBase"]
[Source "John Saunders"]
[SourceDate "2021.06.05"]
[SourceVersion "1"]
[SourceVersionDate "2021.06.05"]
[SourceQuality "1"]
[TimeControl "40/100:0"]
[WhiteClock "0:31:13"]
[BlackClock "0:06:03"]

1. d4 Nf6 2. c4 e6 3. Nf3 d5 4. g3 dxc4 5. Bg2 c5 6. O-O Nc6 7. dxc5 Qxd1 8.
Rxd1 Bxc5 9. Nfd2 Na5 10. Na3 Bxa3 11. bxa3 Bd7 12. Bb2 Rc8 13. Bc3 b6 14. Rdc1 Rc7 15. Rab1 O-O 16. Bxa5 bxa5 17. Nxc4 g5 18. Nd6 Rxc1+ 19. Rxc1 Rb8 20. Nb7 Nd5 21. Nxa5 Rb2 22. e4 Nb6 23. Bf1 Rxa2 24. Rc3 Kf8 25. Kg2 Ke7 26. Nb7 f5 27. Bd3 f4 28. Nc5 Be8 29. Na6 Kf6 30. Nc7 Bf7 31. Nb5 Nd7 32. Bc4 Rb2 33.
Rb3 Rxb3 34. Bxb3 Nc5 35.
Bc4 Nxe4 36. gxf4 gxf4 37. Nxa7 f3+ 38. Kg1 Be8 39. Bb5 Bg6 40. Bd3 Nxf2 41. Kxf2 Bxd3 42. Kxf3 Ba6 43. Ke3 Kf5 44. Nc6 e5 45. Nb4 Bb5 46. Nd3 Ba4 47. Nc5 Bc6 48. a4 Kg4 49. Kf2 Kh3 50.
Kg1 e4 51. a5 e3 52. Ne6 Bb5 53. Ng5+ Kg4 54. Nxh7 Bd3 55. a6 Bxa6 56. Kg2 Bb7+ 57. Kf1 Ba6+ 58. Ke1 Kh3 59. Nf6 e2 60. Ne4 Kxh2 61. Nc3 Kg3 62. Nxe2+ Bxe2 63. Kxe2 1/2-1/2

[Event "Gibraltar Masters 18th"]
[Site "Gibraltar"]
[Date "2020.01.22"]
[Round "2.43"]
[White "Seul, Georg"]
[Black "Werle, Jan"]
[Result "0-1"]
[ECO "B02"]
[WhiteElo "2401"]
[BlackElo "2545"]
[PlyCount "62"]
[EventDate "2020.01.21"]
[EventType "swiss"]
[EventRounds "10"]
[EventCountry "GGB"]
[SourceTitle "BritBase"]
[Source "John Saunders"]
[SourceDate "2021.06.05"]
[SourceVersion "1"]
[SourceVersionDate "2021.06.05"]
[SourceQuality "1"]
[TimeControl "40/100:0"]
[WhiteClock "0:01:24"]
[BlackClock "0:31:55"]

1. e4 e6 2. g3 d5 3. Nc3 Nf6 4. e5 Nfd7 5. f4 c5 6. Nf3 Nc6 7. Bg2 Be7 8. O-O O-O 9. d3 Rb8 10. Ne2 b5 11. c3 a5 12. Be3 Nb6 13.
b3 Ba6 14. Kh1 d4 15. cxd4 c4 16. Bg1 Nb4 17. Ne1 Bb7 18. a3 Bxg2+ 19. Kxg2 N4d5 20. dxc4 bxc4 21. Rf3 Qd7 22. Nc2 cxb3 23. Rxb3 a4 24. Rd3 Nc4 25. Rf3 Rb2 26. Kh3 Rc8 27. Rc1 Rb3 28. Rxb3 axb3 29. Nb4 b2 30. Rxc4 Rxc4 31. Qb3 Bxb4 0-1

[Event "Gibraltar Masters 18th"]
[Site "Gibraltar"]
[Date "2020.01.22"]
[Round "2.44"]
[White "Bellahcene, Bilel"]
[Black "Buksa, Nataliya"]
[Result "1/2-1/2"]
[ECO "E05"]
[WhiteElo "2536"]
[BlackElo "2403"]
[PlyCount "96"]
[EventDate "2020.01.21"]
[EventType "swiss"]
[EventRounds "10"]
[EventCountry "GGB"]
[SourceTitle "BritBase"]
[Source "John Saunders"]
[SourceDate "2021.06.05"]
[SourceVersion "1"]
[SourceVersionDate "2021.06.05"]
[SourceQuality "1"]
[TimeControl "40/100:0"]
[WhiteClock "0:36:45"]
[BlackClock "0:32:47"]

1. d4 d5 2. Nf3 Nf6 3. c4 e6 4. g3 Be7 5. Bg2 O-O 6. O-O dxc4 7. Ne5 c5 8. dxc5 Qc7 9. Nxc4 Rd8 10. Nbd2 Bxc5 11. Qc2 Nc6 12. Nb3 Nb4 13. Qc3 Nbd5 14. Qe5 Qxe5 15. Nxe5 Bd6 16. Nd3 e5 17. Bg5 h6 18. Bxf6 Nxf6 19. Ndc5 Rb8 20. Rfd1 b6 21. Ne4 Nxe4 22. Bxe4 Bg4 23. Kf1 Rbc8 24. Rac1 Rxc1 25. Nxc1 Kf8 26. a3 Ke7 27. Na2 Bc5 28. Rxd8 Kxd8 29. e3 Ke7 30. Nc3 Bd6 31. Ke1 Be6 32. Kd2 f5 33. Bd5 Bc8 34. Nb5 Bb8 35. Kd3 Bd7 36. Nc3 Bc7 37. Kc4 Bd8 38. e4 g6 39. b4 Bc7 40. f3 Bb8 41. Bb7 Bd6 42. a4 Ke6 43.
a5 bxa5 44. bxa5 Bc7 45. a6 Bb6 46. h3 Bf2 47. exf5+ gxf5 48. g4 Kd6 1/2-1/2

[Event "Gibraltar Masters 18th"]
[Site "Gibraltar"]
[Date "2020.01.22"]
[Round "2.45"]
[White "Soumya, Swaminathan"]
[Black "Moroni, Luca Jr"]
[Result "0-1"]
[ECO "C78"]
[WhiteElo "2384"]
[BlackElo "2532"]
[PlyCount "144"]
[EventDate "2020.01.21"]
[EventType "swiss"]
[EventRounds "10"]
[EventCountry "GGB"]
[SourceTitle "BritBase"]
[Source "John Saunders"]
[SourceDate "2021.06.05"]
[SourceVersion "1"]
[SourceVersionDate "2021.06.05"]
[SourceQuality "1"]
[TimeControl "40/100:0"]
[WhiteClock "0:02:38"]
[BlackClock "0:07:14"]

1. e4 e5 2. Nf3 Nc6 3. Bb5 a6 4. Ba4 Nf6 5. O-O b5 6. Bb3 Bc5 7. c3 d6 8. a4 Rb8 9. d4 Bb6 10. a5 Ba7 11. h3 O-O 12. Be3 exd4 13.
cxd4 h6 14. Nc3 Re8 15. Qc1 Nb4 16. Rd1 Bb7 17. d5 Bc5 18.
Bxc5 dxc5 19. e5 Nh7 20. Bc2 Ng5 21. Nh2 Rxe5 22. f4 Nxh3+ 23. gxh3 Rh5 24. Be4 Rxh3 25. Bg2 Rg3 26. Qd2 Nd3 27. Nf1 Rxg2+ 28. Qxg2 Nxf4 29. Qg4 Qf6 30. Ng3 Bc8 31. Qf3 Nh3+ 32. Kg2 Nf4+ 33. Kg1 b4 34. Nce4 Nh3+ 35. Kg2 Qxb2+ 36. Kh1 Bb7 37. Qf5 Bc8 38. Qf3 Bb7 39. Rf1 Bxd5 40. Nf6+ Qxf6 41. Qxd5 Nf4 42. Qf3 Qh4+ 43. Kg1 Nh3+ 44. Kg2 Ng5 45. Qf5 g6 46. Qd7 b3 47. Rae1 b2 48. Qxc7 Qh3+ 49. Kg1 Rc8 50. Qe5 c4 51. Qf4 Qd7 52. Qh4 c3 53. Qb4 Qh3 54. Re3 c2 55. Qxb2 Ne4 56. Rfe1 c1=Q 57. Rxc1 Rxc1+ 58. Qxc1 Nxg3 59. Re8+ Kh7 60. Qc4 Qd7 61. Rc8 Ne4 62. Qc2 Qg4+ 63. Kf1 Qf3+ 64. Kg1 Qg4+ 65. Kf1 h5 66. Re8 Qf3+ 67. Kg1 Qe3+ 68. Kg2 Qg5+ 69. Kf3 Qg4+ 70. Ke3 Nd6 71. Rf8 Kg7 72. Rb8 Nf5+ 0-1

[Event "Gibraltar Masters 18th"]
[Site "Gibraltar"]
[Date "2020.01.22"]
[Round "2.46"]
[White "Baron, Tal"]
[Black "Gschnitzer, Adrian"]
[Result "1/2-1/2"]
[ECO "B38"]
[WhiteElo "2529"]
[BlackElo "2388"]
[PlyCount "82"]
[EventDate "2020.01.21"]
[EventType "swiss"]
[EventRounds "10"]
[EventCountry "GGB"]
[SourceTitle "BritBase"]
[Source "John Saunders"]
[SourceDate "2021.06.05"]
[SourceVersion "1"]
[SourceVersionDate "2021.06.05"]
[SourceQuality "1"]
[TimeControl "40/100:0"]
[WhiteClock "0:15:55"]
[BlackClock "0:49:48"]

1. e4 c5 2. Nf3 Nc6 3. d4 cxd4 4. Nxd4 g6 5. c4 Bg7 6. Be3 Nf6 7. Nc3 O-O 8. Be2 d6 9. O-O Bd7 10. h3 a6 11. Nb3 a5 12. a4 Nb4 13. f4 Bc6 14. Bf3 b6 15. Nd4 Bb7 16. Nd5 Nd7 17. Re1 Nc5 18. Nxb4 axb4 19. Bf2 b3 20. Nxb3 Nxa4 21. Nd4 Nc5 22. Qc2 e5 23. fxe5 dxe5 24. Nb5 Qd3 25. Rac1 Qxc2 26. Rxc2 Nd3 27. Rd1 Nxf2 28. Kxf2 f5 29. Ke1 fxe4 30. Bg4 Rf6 31. Rf2 Rxf2 32. Kxf2 e3+ 33. Kxe3 Bxg2 34. Be6+ Kh8 35. Nd6 Bf8 36. Kf2 Bc6 37. Nf7+ Kg7 38. Nxe5 Bc5+ 39. Kg3 Ba4 40. Rd3 Re8 41. Bd7 Rxe5 1/2-1/2

[Event "Gibraltar Masters 18th"]
[Site "Gibraltar"]
[Date "2020.01.22"]
[Round "2.47"]
[White "Kotronias, Vasilios"]
[Black "Nandhidhaa, P V."]
[Result "1-0"]
[ECO "B48"]
[WhiteElo "2526"]
[BlackElo "2312"]
[PlyCount "97"]
[EventDate "2020.01.21"]
[EventType "swiss"]
[EventRounds "10"]
[EventCountry "GGB"]
[SourceTitle "BritBase"]
[Source "John Saunders"]
[SourceDate "2021.06.05"]
[SourceVersion "1"]
[SourceVersionDate "2021.06.05"]
[SourceQuality "1"]
[TimeControl "40/100:0"]
[WhiteClock "0:17:05"]
[BlackClock "0:19:00"]

1. e4 c5 2. Nf3 e6 3. d4 cxd4 4. Nxd4 Nc6 5. Nc3 Qc7 6. Be3 a6 7. Qf3 Nf6 8. O-O-O Rb8 9. Be2 Bb4 10. Bf4 e5 11. Qg3 Be7 12. Nxc6 exf4 13. Qxg7 Rg8 14. Nd5 Qxc6 15. Nxf6+ Bxf6 16. Qxg8+ Ke7 17. Rd5 d6 18. Bh5 Qe8 19. Qxe8+ Kxe8 20. Rxd6 Ke7 21. Rxf6 Kxf6 22. g3 fxg3 23. hxg3 Be6 24. Be2 Rc8 25. Kd2 Rc5 26. b3 Kg7 27. Rh5 Rc6 28. a4 Kg6 29. f4 f5 30. Rg5+ Kf6 31. e5+ Kf7 32. Bd3 h6 33. Rh5 Kg7 34. Ke3 b5 35. axb5 axb5 36. b4 Rc3 37. Kd2 Ra3 38. Bxf5 Bxf5 39. Rxf5 Rxg3 40. e6 Rg6 41. Rf7+ Kg8 42. f5 Rg4 43. Ke3 h5 44. Ra7 Rg1 45. Kf2 Rg5 46. Ra8+ Kg7 47. e7 Rxf5+ 48. Kg2 Rg5+ 49. Kh3 1-0

[Event "Gibraltar Masters 18th"]
[Site "Gibraltar"]
[Date "2020.01.22"]
[Round "2.48"]
[White "Veltkamp, Gerben"]
[Black "Hjartarson, Johann"]
[Result "0-1"]
[ECO "B06"]
[WhiteElo "2140"]
[BlackElo "2524"]
[PlyCount "54"]
[EventDate "2020.01.21"]
[EventType "swiss"]
[EventRounds "10"]
[EventCountry "GGB"]
[SourceTitle "BritBase"]
[Source "John Saunders"]
[SourceDate "2021.06.05"]
[SourceVersion "1"]
[SourceVersionDate "2021.06.05"]
[SourceQuality "1"]
[TimeControl "40/100:0"]
[WhiteClock "0:02:37"]
[BlackClock "0:39:45"]

1. e4 g6 2. d4 Bg7 3. Nc3 d6 4. Be3 a6 5. Qd2 b5 6. f3 Nf6 7. h4 h5 8. g3 Nbd7 9. Nh3 c5 10. Ng5 Bb7 11. a4 b4 12. Nd1 cxd4 13. Bxd4 a5 14. Bc4 O-O 15. g4 Qc7 16. Bxf7+ Rxf7 17. gxh5 Nxh5 18. Nxf7 Kxf7 19. Bxg7 Kxg7 20. Ne3 Ne5 21. Nf5+ Kf7 22. Nd4 Qc4 23. O-O-O Qa2 24. Nb3 Rc8 25. f4 Nc4 26. Qd4 Na3 27. bxa3 Qxc2# 0-1

[Event "Gibraltar Masters 18th"]
[Site "Gibraltar"]
[Date "2020.01.22"]
[Round "2.49"]
[White "Kozak, Adam"]
[Black "Pranav, Anand"]
[Result "1-0"]
[ECO "E05"]
[WhiteElo "2523"]
[BlackElo "2309"]
[PlyCount "105"]
[EventDate "2020.01.21"]
[EventType "swiss"]
[EventRounds "10"]
[EventCountry "GGB"]
[SourceTitle "BritBase"]
[Source "John Saunders"]
[SourceDate "2021.06.05"]
[SourceVersion "1"]
[SourceVersionDate "2021.06.05"]
[SourceQuality "1"]
[TimeControl "40/100:0"]
[WhiteClock "0:51:11"]
[BlackClock "0:51:46"]

1. Nf3 Nf6 2. g3 e6 3. Bg2 d5 4. O-O Be7 5. c4 O-O 6. d4 dxc4 7. Qc2 b5 8. a4 b4 9. Nbd2 Bb7 10. Nxc4 c5 11. dxc5 Be4 12. Qd1 Bxc5 13. Bf4 Bd5 14. Rc1 Nbd7 15. Nfe5 Bxg2 16. Kxg2 Nxe5 17. Bxe5 Qe7 18. Bxf6 Qxf6 19. Qd3 Rfd8 20. Qf3 Qxf3+ 21.
Kxf3 b3 22. Rfd1 g5 23. Rxd8+ Rxd8 24. Ne5 Bf8 25. Rc4 Bg7 26. Nd3 Rd4 27. Rxd4 Bxd4 28. Ke4 Bg7 29. Nc5 Bxb2 30. Nxb3 g4 31. Kd3 f5 32. Nd4 Bxd4 33. Kxd4 Kf7 34. Kc5 Ke7 35. Kc6 Ke8 36. Kd6 Kf7 37. f3 gxf3 38. exf3 Kf6 39. f4 a5 40. Kc5 e5 41. fxe5+ Kxe5 42. Kb5 Ke4 43. Kxa5 Kf3 44. Kb4 Kg2 45. a5 Kxh2 46. a6 Kxg3 47. a7 f4 48. a8=Q f3 49. Qg8+ Kh2 50. Qxh7+ Kg2 51. Qg6+ Kh2 52. Qh5+ Kg2 53. Qg4+ 1-0

[Event "Gibraltar Masters 18th"]
[Site "Gibraltar"]
[Date "2020.01.22"]
[Round "2.50"]
[White "Represa Perez, Mireya"]
[Black "Krysa, Leandro"]
[Result "0-1"]
[ECO "C84"]
[WhiteElo "2081"]
[BlackElo "2522"]
[PlyCount "60"]
[EventDate "2020.01.21"]
[EventType "swiss"]
[EventRounds "10"]
[EventCountry "GGB"]
[SourceTitle "BritBase"]
[Source "John Saunders"]
[SourceDate "2021.06.05"]
[SourceVersion "1"]
[SourceVersionDate "2021.06.05"]
[SourceQuality "1"]
[TimeControl "40/100:0"]
[WhiteClock "0:07:03"]
[BlackClock "0:39:12"]

1. e4 e5 2. Nf3 Nc6 3. Bb5 a6 4. Ba4 Nf6 5. d3 d6 6. O-O b5 7. Bb3 Na5 8. Nc3 Be7 9. d4 exd4 10. Nd5 c5 11. Nxe7 Qxe7 12. Bd5 Nxd5 13. exd5 O-O 14. Qd3 f6 15. Bf4 Nc4 16. Rae1 Qf7 17. c3 Nxb2 18. Qe4 dxc3 19. Bxd6 Rd8 20. Bxc5 Bb7 21. Qd4 Rxd5 22. Re7 Rxd4 23. Rxf7 Bxf3 24. Bxd4 Kxf7 25. gxf3 b4 26.
Rc1 Rd8 27. Be3 Rd1+ 28. Rxd1 Nxd1 29. Bc1 c2 30. Kf1 Nc3 0-1

[Event "Gibraltar Masters 18th"]
[Site "Gibraltar"]
[Date "2020.01.22"]
[Round "2.51"]
[White "Libiszewski, Fabien"]
[Black "Zhou, Guijue"]
[Result "1/2-1/2"]
[ECO "B28"]
[WhiteElo "2522"]
[BlackElo "2193"]
[PlyCount "75"]
[EventDate "2020.01.21"]
[EventType "swiss"]
[EventRounds "10"]
[EventCountry "GGB"]
[SourceTitle "BritBase"]
[Source "John Saunders"]
[SourceDate "2021.06.05"]
[SourceVersion "1"]
[SourceVersionDate "2021.06.05"]
[SourceQuality "1"]
[TimeControl "40/100:0"]
[WhiteClock "0:02:46"]
[BlackClock "0:22:37"]

1. e4 c5 2. Nf3 a6 3. Be2 d6 4. O-O Nf6 5. c3 g6 6. Re1 Bg7 7. Bf1 O-O 8. h3 Nc6 9. d4 cxd4 10. cxd4 d5 11. e5 Ne8 12. Nc3 Nc7 13. Bf4 Ne6 14. Be3 b5 15. Qd2 Bb7 16. Rad1 Qd7 17. Bh6 f6 18. Bxg7 Kxg7 19. h4 f5 20. Ne2 Ncd8 21. Rc1 Nf7 22. Nf4 Rfc8 23. Nxe6+ Qxe6 24. Rc5 Rc6 25. b4 Rac8 26. Qf4 h6 27. Bd3 Nd8 28. h5 Qg8 29. hxg6 Ne6 30.
Qxf5 Rf8 31. Qg4 Rf4 32. Qg3 Nxc5 33. bxc5 Qf8 34. Re3 Bc8 35. Qh2 Bg4 36. Qg3 Bc8 37. Qh2 Bg4 38. Qg3 1/2-1/2

[Event "Gibraltar Masters 18th"]
[Site "Gibraltar"]
[Date "2020.01.22"]
[Round "2.52"]
[White "Matlakov, Maxim"]
[Black "Mihajlov, Svetoslav"]
[Result "1-0"]
[ECO "B22"]
[WhiteElo "2698"]
[BlackElo "2173"]
[PlyCount "69"]
[EventDate "2020.01.21"]
[EventType "swiss"]
[EventRounds "10"]
[EventCountry "GGB"]
[SourceTitle "BritBase"]
[Source "John Saunders"]
[SourceDate "2021.06.05"]
[SourceVersion "1"]
[SourceVersionDate "2021.06.05"]
[SourceQuality "1"]
[TimeControl "40/100:0"]
[WhiteClock "0:13:04"]
[BlackClock "0:03:35"]

1. e4 c5 2. Nf3 e6 3. c3 Nf6 4. e5 Nd5 5. d4 cxd4 6. cxd4 d6 7. Bc4 Nc6 8. O-O Be7 9. Qe2 Nb6 10. Bb3 O-O 11. Nc3 d5 12. Bf4 Bd7 13. Rad1 a6 14. Bc2 f5 15. exf6 gxf6 16. b3 Rc8 17. Bb1 Rf7 18. Qe3 Kh8 19. Ne2 Qe8 20.
Bg3 Rg7 21. Qh6 Nd8 22. Nf4 Nf7 23. Qh4 Ng5 24. Nh5 Nxf3+ 25. gxf3 Rg6 26. Bxg6 Qxg6 27. Rfe1 Rg8 28. Kh1 Qf5 29. Re3 Rg5 30. Nf4 Bb4 31. Nd3 Ba3 32. Rde1 Nc8 33. Qf4 b6 34. Qc7 Rg7 35. Qd8+ {[%emt 0:00:00] Rg6 Qc7} 1-0

[Event "Gibraltar Masters 18th"]
[Site "Gibraltar"]
[Date "2020.01.22"]
[Round "2.53"]
[White "Vega Gutierrez, Sabrina"]
[Black "Jones, Gawain C B"]
[Result "0-1"]
[ECO "C50"]
[WhiteElo "2364"]
[BlackElo "2679"]
[PlyCount "106"]
[EventDate "2020.01.21"]
[EventType "swiss"]
[EventRounds "10"]
[EventCountry "GGB"]
[SourceTitle "BritBase"]
[Source "John Saunders"]
[SourceDate "2021.06.05"]
[SourceVersion "1"]
[SourceVersionDate "2021.06.05"]
[SourceQuality "1"]
[TimeControl "40/100:0"]
[WhiteClock "0:03:39"]
[BlackClock "0:39:38"]

1. e4 e5 2. Nf3 Nc6 3. Bc4 Nf6 4. d3 h6 5. h3 Bc5 6. Nc3 a6 7. Nd5 d6 8. c3 Ba7 9. O-O Na5 10. Nxf6+ Qxf6 11. Qa4+ Nc6 12. Qd1 g5 13. Nh2 h5 14. Qf3 Qxf3 15. Nxf3 g4 16. Nh4 gxh3 17. g3 Na5 18. Bd5 c6 19. Bxf7+ Kxf7 20. b4 Nc4 21. dxc4 Be6 22. c5 dxc5 23. Be3 cxb4 24. Bxa7 Rxa7 25. cxb4 a5 26. a3 axb4 27. axb4 Rxa1 28. Rxa1 Rd8 29. Ra7 Rd7 30. Nf3 Kf6 31. Kh2 Rd3 32. Ng1 b5 33. Rc7 Bd7 34. Nxh3 Rd4 35. Kg2 Ke7 36. Ng5 Rxb4 37. f4 Rb2+ 38. Kg1 exf4 39. gxf4 Kd6 40. Ra7 Bg4 41. Nf7+ Kc5 42. Ne5 Re2 43. Ra6 Rxe4 44. Rxc6+ Kd4 45. Rb6 Be2 46. Ng6 Bc4 47. Kf2 Re6 48. Rxe6 Bxe6 49. Ne7 Ke4 50. Kg3 b4 51. Nc6 b3 52. Ne5 b2 53. Nf3 Ke3 0-1

[Event "Gibraltar Masters 18th"]
[Site "Gibraltar"]
[Date "2020.01.22"]
[Round "2.54"]
[White "Adhiban, Baskaran"]
[Black "Gschnitzer, Oswald"]
[Result "1-0"]
[ECO "E39"]
[WhiteElo "2654"]
[BlackElo "2361"]
[PlyCount "53"]
[EventDate "2020.01.21"]
[EventType "swiss"]
[EventRounds "10"]
[EventCountry "GGB"]
[SourceTitle "BritBase"]
[Source "John Saunders"]
[SourceDate "2021.06.05"]
[SourceVersion "1"]
[SourceVersionDate "2021.06.05"]
[SourceQuality "1"]
[TimeControl "40/100:0"]
[WhiteClock "0:39:56"]
[BlackClock "0:19:13"]

1. d4 Nf6 2. c4 e6 3. Nc3 Bb4 4. Qc2 O-O 5. Nf3 c5 6. dxc5 Na6 7. g3 Nxc5 8. Bg2 b6 9. O-O Bb7 10. Nb5 Be4 11. Qd1 Nb7 12. a3 a6 13.
axb4 axb5 14. Rxa8 Qxa8 15. b3 bxc4 16. bxc4 d5 17. cxd5 Bxd5 18. Bb2 Rd8 19. Bxf6 gxf6 20. Qc1 Kg7 21. Qc7 Rd6 22. e4 Rc6 23. Qf4 Rc4 24. Ne5 fxe5 25. Qg5+ Kf8 26. exd5 e4 27. dxe6 1-0

[Event "Gibraltar Masters 18th"]
[Site "Gibraltar"]
[Date "2020.01.22"]
[Round "2.55"]
[White "Salimova, Nurgyul"]
[Black "Sasikiran, Krishnan"]
[Result "0-1"]
[ECO "D85"]
[WhiteElo "2372"]
[BlackElo "2648"]
[PlyCount "170"]
[EventDate "2020.01.21"]
[EventType "swiss"]
[EventRounds "10"]
[EventCountry "GGB"]
[SourceTitle "BritBase"]
[Source "John Saunders"]
[SourceDate "2021.06.05"]
[SourceVersion "1"]
[SourceVersionDate "2021.06.05"]
[SourceQuality "1"]
[TimeControl "40/100:0"]
[WhiteClock "0:01:04"]
[BlackClock "0:02:06"]

1. d4 Nf6 2. c4 g6 3. Nc3 d5 4. cxd5 Nxd5 5. e4 Nxc3 6. bxc3 Bg7 7. Qa4+ Nd7 8. Nf3 O-O 9. Be2 c5 10. O-O a6 11. Qa3 Qc7 12. e5 b6 13.
Bg5 Re8 14. Qb3 e6 15. a4 Bb7 16. Rfc1 Rab8 17. Qb2 f6 18. exf6 Nxf6 19. Re1 Nd5 20. Qd2 Rbc8 21. Rac1 Qd6 22. c4 Nb4 23. dxc5 Qxd2 24. Nxd2 bxc5 25. Nb3 Bb2 26. Rcd1 Be4 27. Rd6 Be5 28. Rd7 Nc2 29. Bf3 Bxf3 30. Rxe5 Bc6 31. Rd6 Bxa4 32. Nxc5 Na3 33. Rdxe6 Nxc4 34. Rxe8+ Bxe8 35. Rd5 a5 36. Ne4 a4 37. Rd8 Rxd8 38.
Bxd8 Bc6 39. Nc5 Kf7 40. Bg5 a3 41. Bc1 a2 42. Nb3 Ke6 43.
Kf1 Ba4 44. Na1 Bb5 45. Ke1 Kd5 46. Bh6 Ba4 47. Bg7 Nd6 48.
f3 Nf5 49. Bh8 Kc4 50. Ke2 Nh4 51. g3 Nf5 52. Bf6 Kd5 53. Bh8 Nd6 54. Bg7 Nc4 55. Bh8 Ne5 56. Bg7 Kd6 57. f4 Bb5+ 58. Kf2 Ng4+ 59. Kg2 Ba4 60. h3 Ne3+ 61. Kf3 Nf5 62. Be5+ Kd5 63. g4 Bd1+ 64. Kf2 Nd6 65. Ke1 Ba4 66. Ke2 Nc4 67. Bc7 Ke4 68. Kf2 Ne3 69. Ba5 Nd5 70. f5 gxf5 71. gxf5 Kxf5 72. Kg3 Bd1 73. Bd2 Ne7 74. Bb4 Nd5 75. Bd2 Nf6 76. Bc1 Ne4+ 77. Kg2 Ke5 78. Kf1 Kd4 79. Ke1 Ba4 80. Ke2 Bb5+ 81. Ke1 Kd3 82. Bh6 Ba4 83. h4 Nc5 84. Bg7 Nb3 85. Nxb3 Bxb3 0-1

[Event "Gibraltar Masters 18th"]
[Site "Gibraltar"]
[Date "2020.01.22"]
[Round "2.56"]
[White "Narayanan, SL."]
[Black "Reimanis, Ritvars"]
[Result "1-0"]
[ECO "B66"]
[WhiteElo "2637"]
[BlackElo "2370"]
[PlyCount "67"]
[EventDate "2020.01.21"]
[EventType "swiss"]
[EventRounds "10"]
[EventCountry "GGB"]
[SourceTitle "BritBase"]
[Source "John Saunders"]
[SourceDate "2021.06.05"]
[SourceVersion "1"]
[SourceVersionDate "2021.06.05"]
[SourceQuality "1"]
[TimeControl "40/100:0"]
[WhiteClock "0:05:29"]
[BlackClock "0:00:52"]

1. e4 c5 2. Nf3 Nc6 3. d4 cxd4 4. Nxd4 Nf6 5. Nc3 d6 6. Bg5 e6 7. Qd3 a6 8. Nxc6 bxc6 9. O-O-O h6 10. Bf4 d5 11. Be2 Be7 12. Qg3 Kf8 13.
Bc7 Qd7 14. Be5 Ne8 15. Na4 Qa7 16. c4 h5 17. exd5 exd5 18.
cxd5 cxd5 19. Bd4 h4 20. Qe3 Qc7+ 21. Kb1 Rh6 22. Ka1 Qa5 23. Nc3 Be6 24. g4 Nd6 25. f4 Re8 26. f5 Bd7 27. Bb6 Qb4 28.
Nxd5 Qa4 29. Bc5 Bc6 30. Bf3 Bxd5 31. Rxd5 Nb7 32. Bxe7+ Rxe7 33. Re5 Rc7 34. Bxb7 1-0

[Event "Gibraltar Masters 18th"]
[Site "Gibraltar"]
[Date "2020.01.22"]
[Round "2.57"]
[White "Deac, Bogdan-Daniel"]
[Black "Garcia Martin, Marta"]
[Result "1/2-1/2"]
[ECO "D37"]
[WhiteElo "2626"]
[BlackElo "2317"]
[PlyCount "94"]
[EventDate "2020.01.21"]
[EventType "swiss"]
[EventRounds "10"]
[EventCountry "GGB"]
[SourceTitle "BritBase"]
[Source "John Saunders"]
[SourceDate "2021.06.05"]
[SourceVersion "1"]
[SourceVersionDate "2021.06.05"]
[SourceQuality "1"]
[TimeControl "40/100:0"]

1. d4 d5 2. Nf3 Nf6 3. c4 e6 4. Nc3 a6 5. cxd5 exd5 6. Bg5 Be6 7. e3 Nbd7 8. h3 Bd6 9. Bd3 c6 10. Bf4 Qc7 11. Qd2 O-O 12. O-O Rfe8 13.
Rfe1 h6 14. Rac1 Nh5 15. Bh2 Nhf6 16. b4 Bxh2+ 17. Nxh2 b5 18. a4 Qd6 19. Rb1 Nb6 20. a5 Nc4 21. Qc1 Re7 22. f4 Rae8 23.
Nf3 Bc8 24. Ne5 Nd7 25. Re2 Nf8 26. Nd1 Be6 27. Nf3 Bc8 28.
Qc3 Re6 29. Rc1 Qe7 30. f5 Rf6 31. e4 dxe4 32. Rxe4 Qd8 33. Rxe8 Qxe8 34. Bxc4 bxc4 35. Qxc4 Qe4 36. Nf2 Qxf5 37. Ng4 Rd6 38. Nge5 Qf4 39. Rf1 Ne6 40. Qc1 Nxd4 41. Qxf4 Ne2+ 42. Kh2 Nxf4 43. Rc1 Bb7 44. Rc4 Ne6 45. Rc3 Nf4 46. Rc4 Ne6 47. Rc3 Nf4 1/2-1/2

[Event "Gibraltar Masters 18th"]
[Site "Gibraltar"]
[Date "2020.01.23"]
[Round "3.1"]
[White "Moussard, Jules"]
[Black "Mamedyarov, Shakhriyar"]
[Result "1/2-1/2"]
[ECO "C81"]
[WhiteElo "2600"]
[BlackElo "2770"]
[PlyCount "34"]
[EventDate "2020.01.21"]
[EventType "swiss"]
[EventRounds "10"]
[EventCountry "GGB"]
[SourceTitle "BritBase"]
[Source "John Saunders"]
[SourceDate "2021.06.05"]
[SourceVersion "1"]
[SourceVersionDate "2021.06.05"]
[SourceQuality "1"]
[TimeControl "40/100:0"]
[WhiteClock "1:39:16"]
[BlackClock "1:44:43"]

1. e4 e5 2. Nf3 Nc6 3. Bb5 a6 4. Ba4 Nf6 5. O-O Nxe4 6. d4 b5 7. Bb3 d5 8. dxe5 Be6 9. Qe2 Nc5 10. Rd1 Nxb3 11. axb3 Be7 12. c4 b4 13. cxd5 Bxd5 14. Qd3 Be4 15. Qe2 Bd5 16. Qd3 Be4 17. Qe2 Bd5 1/2-1/2